 Dungeon Sprint DCSS version 0.30-a0-272-gf98c3da03f (webtiles) character file.

Game seed: 11402019909455087203

7289 rocky1 the Fighter (level 11, -5/92 HPs)
             Began as a Djinni Fire Elementalist on Oct 16, 2022.
             Was an Initiate of Gozag.
             Killed from afar by a deep elf zephyrmancer (30 damage)
             ... with a bolt of lightning
             ... in the Dungeon (Sprint III: "The Ten Rune Challenge").
             The game lasted 00:15:10 (2244 turns).

rocky1 the Fighter (Djinni Fire Elementalist)       Turns: 2244, Time: 00:15:12

Health: -5/92      AC:  8    Str: 10    XL:     11   Next: 34%
Gold:   319        EV: 14    Int: 22    God:    Gozag SH:  0 Dex: 13

rFire   + + .      SeeInvis .    n - +5 great sword of the Tiger {antimagic, Str+3}
rCold   . . .      Faith    .    (shield currently unavailable)
rNeg    . . .      Spirit   .    q - +3 ring mail {rC+}
rPois   ∞          Reflect  .    (no helmet)
rElec   .          Harm     .    (no cloak)
rCorr   .          Rampage  .    (no gloves)
Will    +....      NoTele   +    (boots unavailable)
Stlth   +++.......               (no amulet)
HPRegen 0.35/turn                (no ring)
MPRegen 0.00/turn                (no ring)

@: brilliant, flying, hasted, very quick
A: sickness immunity, fire resistance 2, cold vulnerability 1, float, innate
caster, HP casting, extra vitality 1
a: Renounce Religion, Potion Petition, Call Merchant, Bribe Branch


You were in the Dungeon.
You worshipped Gozag.
Gozag was aware of your devotion.
You visited 1 branch You collected 8161 gold pieces.
You spent 4613 gold pieces at shops.
You paid 3229 gold pieces to Gozag.

Inventory:

Hand Weapons
 g - a +0 dagger
 k - a +2 long sword of holy wrath
 n - the +5 great sword of the Tiger (weapon) {antimagic, Str+3}
   (You bought it in a shop in the Dungeon)

   It reduces the magical energy of the wielder, and disrupts the spells and
   magical abilities of those it strikes.
   Natural abilities and divine invocations are not affected.
   Str:       It affects your strength (+3).
Armour
 a - a +0 robe
 l - a +0 ring mail
 q - a +3 ring mail of cold resistance (worn)
 w - the +1 scale mail of Disappointment {+Blink Regen+ MP+9}
   (You bought it in a shop in the Dungeon)

   MP:        It affects your magic capacity (+9).
   +Blink:    It lets you blink.
   Regen:     It increases your rate of health regeneration.
 x - the +4 pair of gloves of Refuge {rPois rF+++ Int-5 Stlth+}
   (You bought it in a shop in the Dungeon)

   Int:       It affects your intelligence (-5).
   rF:        It renders you almost immune to fire.
   rPois:     It protects you from poison.
   Stlth:     It makes you more stealthy.
 y - the +1 ring mail of the Piercing Gods {Int+5}
   (You bought it in a shop in the Dungeon)

   Int:       It affects your intelligence (+5).
 z - the +1 storm dragon scales of the Harvest Moon {rElec rC+ Regen+ MP+9 Slay+3}
   (You bought it in a shop in the Dungeon)

   Slay:      It affects your accuracy & damage with ranged weapons and melee
   (+3).
   rC:        It protects you from cold.
   rElec:     It insulates you from electricity.
   MP:        It affects your magic capacity (+9).
   Regen:     It increases your rate of health regeneration.
Jewellery
 r - a +6 ring of dexterity
 v - a ring of protection from cold
Wands
 m - a wand of polymorph (7)
 o - a wand of quicksilver (8)
Scrolls
 f - a scroll of blinking
 i - 2 scrolls of immolation {unknown}
 j - 2 scrolls of identify {unknown}
 t - a scroll of vulnerability {unknown}
 u - a scroll of amnesia {unknown}
Potions
 b - 3 potions of curing
 c - 2 potions of heal wounds
 d - a potion of haste
 h - 3 potions of mutation {unknown}
 p - a potion of cancellation {unknown}
 s - a potion of ambrosia {unknown}
Miscellaneous
 e - a phial of floods


   Skills:
 + Level 13.5 Fighting
 + Level 13.4 Long Blades
 + Level 4.3 Armour
 + Level 10.1 Dodging
 + Level 8.4 Stealth
 + Level 9.6 Spellcasting


You had 3 spell levels left.
You knew the following spells:

 Your Spells              Type           Power      Damage    Failure   Level
a - Foxfire               Conj/Fire      100%       2x1d9     1%          1
b - Scorch                Fire           100%       2d10      1%          2
c - Kindle Blastsparks    Fire/Tloc/Air  100%       2d18      1%          3
d - Inner Flame           Hex/Fire       68%        N/A       1%          3
e - Flame Wave            Conj/Fire      68%        2d15      2%          4
f - Sting                 Tmut/Pois      100%       1d8       1%          1
g - Passwall              Tmut/Erth      56%        N/A       1%          2
h - Ensorcelled Hibernat  Hex/Ice        100%       N/A       1%          2
i - Fulminant Prism       Conj/Hex       34%        3d16      2%          4
j - Manifold Assault      Tloc           68%        N/A       2%          4
Your spell library was empty.

Dungeon Overview and Level Annotations

Branches:
Dungeon (1/1)

Altars:
Cheibriados
Dithmenos
Elyvilon
Fedhas
Gozag
Hepliaklqana
Makhleb
Nemelex Xobeh
Okawaru
Qazlal
Ru
Trog
Uskayaw
Wu Jian
Xom
Yredelemnul
Zin
The Shining One
Jiyva
Lugonu

Shops:
D [*(


Innate Abilities, Weirdness & Mutations

You are immune to sickness and miasma.
You are immune to poison.
Your flesh is very heat resistant. (rF++)
You are vulnerable to cold. (rC-)
You float through the air rather than walking.
You learn spells naturally, not from books.
Your magical power is your life essence.
You have superior vitality. (+4 MHP)


Message History

You kill the deep elf pyromancer!
The deep elf zephyrmancer is engulfed in blazing flames.
Your Dodging skill increases to level 10!
Unknown command.
You closely miss the fire elemental. The fire elemental barely misses you.
You closely miss the fire elemental.
The deep elf zephyrmancer casts a spell.
The deep elf zephyrmancer blinks!
The fire elemental hits you. The fire elemental burns you! You resist.
* * * LOW HITPOINT WARNING * * *
You slice the fire elemental!!
The fire elemental is almost destroyed.
You barely miss the fire elemental.
The fire elemental is almost destroyed.
The fire elemental misses you.
You slice the fire elemental!!
You destroy the fire elemental!
The fire elemental disappears in a puff of smoke!
The deep elf zephyrmancer is distracted by your dazzling golden aura.
The deep elf pyromancer hits you with a +0 rapier.
* * * LOW HITPOINT WARNING * * *
There is an open door, spattered with blood here.
Unknown command.
You closely miss the deep elf pyromancer.
The deep elf pyromancer is lightly wounded.
The deep elf zephyrmancer shouts!
You slash the deep elf pyromancer!
The deep elf pyromancer's magic leaks into the air.
The deep elf pyromancer is heavily wounded.
The deep elf pyromancer hits you but does no damage.
A deep elf demonologist comes into view.
It is wearing a +1 robe of cold resistance.
The deep elf demonologist shouts!
You slash the deep elf pyromancer!
The deep elf pyromancer's magic leaks into the air.
The deep elf pyromancer is severely wounded.
The deep elf zephyrmancer is no longer distracted by gold.
The deep elf zephyrmancer gestures at you while chanting.
The bolt of lightning hits you!!
You die...
Your body crumbles into a pile of gold.

▓▓▓▓▓▓ #######..#.##########
#__##.#∩#.#...'.#...# e $$
#._#...∩.....##.#...##≈≈ $
#+##[)).)...###.#...≈≈≈. $
[..#[)().....##$#e..##≈
...#)#.#)#....#$@.e.# $
##'#[#...####.#######
...#'###########################
...#....#.#.#.....#.^^.^.'...~≈#
..)##.#..#.##.###.#.∩....#...~≈##
...'##.#.#.##.#..##..^^.^#...~≈≈≈
...#...#..#..##..).∩...^.#...~~~~
▓▓▓▓▓▓▓▓▓▓▓▓▓▓▓▓▓#.......#.......
~~~........~~~...#..^.^..#.......


You could see a deep elf demonologist, a deep elf pyromancer (magic disrupted)
and a deep elf zephyrmancer.

Vanquished Creatures
  Erolcha (D)
  An orc high priest (D)
  A deep elf knight (D)
  A deep elf zephyrmancer (D)
  2 deep elf pyromancers (D)
  An orc sorcerer (D)
  A queen bee (D)
  3 wandering mushrooms (D)
  A shadow (D)
  2 redbacks (D)
  A spatial vortex (D)
  5 two-headed ogres (D)
  A water elemental (D)
  A necrophage (D)
  A scorpion (D)
  32 killer bees (D)
  A jelly (D)
  2 orc priests (D)
  A wizard (D)
  Jessica (D)
  A necromancer (D)
  3 orc wizards (D)
  A kobold demonologist (D)
  3 humans (D)
  11 orcs (D)
  An endoplasm (D)
  A rat (D)
  A fulminant prism (D)
82 creatures vanquished.

Vanquished Creatures (others)
  38 foxfires (D)
  A fulminant prism (D)
  2 plants (D)
41 creatures vanquished.

Grand Total: 123 creatures vanquished

Notes
Turn   | Place    | Note
-------+----------+-------------------------------------------
     0 | D        | rocky1 the Djinni Fire Elementalist began the quest for the
                  | Orb.
     0 | D        | rocky1 set off with the following spells memorised:
                  | Foxfire, Scorch, Kindle Blastsparks, Inner Flame, Flame
                  | Wave.
     0 | D        | Reached XP level 1. HP: 15/15 MP: 0/0
    16 | D        | Noticed Jessica
    22 | D        | Killed Jessica
    23 | D        | Reached XP level 2. HP: 9/23 MP: 0/0
    23 | D        | Reached XP level 3. HP: 11/28 MP: 0/0
    23 | D        | Learned a level 1 spell: Sting
   185 | D        | Noticed a scorpion
   192 | D        | Killed a scorpion
   193 | D        | Reached skill level 5 in Spellcasting
   193 | D        | Reached XP level 4. HP: 33/35 MP: 0/0
   193 | D        | Reached XP level 5. HP: 37/40 MP: 0/0
   193 | D        | Learned a level 2 spell: Passwall
   239 | D        | Noticed a water elemental
   242 | D        | Killed a water elemental
   243 | D        | Reached skill level 5 in Dodging
   280 | D        | Reached XP level 6. HP: 44/48 MP: 0/0
   284 | D        | Noticed a shadow
   288 | D        | Killed a shadow
   289 | D        | Reached skill level 5 in Fighting
   289 | D        | Reached skill level 5 in Stealth
   362 | D        | Found a blossoming altar of Fedhas.
   362 | D        | Found a stormy altar of Qazlal.
   362 | D        | Found a snail-covered altar of Cheibriados.
   362 | D        | Found a burning altar of Makhleb.
   362 | D        | Found a shimmering altar of Xom.
   363 | D        | Found a hazy altar of Hepliaklqana.
   363 | D        | Found an opulent altar of Gozag.
   363 | D        | Found a sparkling altar of Nemelex Xobeh.
   363 | D        | Found a corrupted altar of Lugonu.
   363 | D        | Found a viscous altar of Jiyva.
   363 | D        | Noticed a spatial vortex
   373 | D        | Became a worshipper of Gozag Ym Sagoz the Greedy
   383 | D        | Killed a spatial vortex
   384 | D        | Reached XP level 7. HP: 38/56 MP: 0/0
   384 | D        | Learned a level 2 spell: Ensorcelled Hibernation
   599 | D        | Found a glowing silver altar of Zin.
   599 | D        | Found a glowing golden altar of the Shining One.
   599 | D        | Found a white marble altar of Elyvilon.
   599 | D        | Noticed a deep elf pyromancer
   602 | D        | Killed a deep elf pyromancer
   603 | D        | Reached XP level 8. HP: 52/64 MP: 0/0
   648 | D        | Found a hide-covered altar of Uskayaw.
   648 | D        | Found an iron altar of Okawaru.
   648 | D        | Found a bloodstained altar of Trog.
   648 | D        | Found an ornate altar of the Wu Jian Council.
   648 | D        | Noticed a human
   648 | D        | Noticed a human
   654 | D        | Killed a human
   657 | D        | Killed a human
   857 | D        | Found a basalt altar of Yredelemnul.
   857 | D        | Found a shadowy altar of Dithmenos.
   857 | D        | Found a sacrificial altar of Ru.
   924 | D        | Reached skill level 5 in Long Blades
   926 | D        | Reached XP level 9. HP: 37/72 MP: 0/0
   926 | D        | Learned a level 4 spell: Fulminant Prism
  1123 | D        | Noticed a two-headed ogre
  1164 | D        | Killed a two-headed ogre
  1240 | D        | Noticed Erolcha
  1251 | D        | Killed Erolcha
  1252 | D        | Reached skill level 10 in Fighting
  1385 | D        | Noticed a two-headed ogre
  1390 | D        | Reached skill level 10 in Long Blades
  1395 | D        | Killed a two-headed ogre
  1396 | D        | Reached XP level 10. HP: 17/83 MP: 0/0
  1828 | D        | Bought a warped great sword for 391 gold pieces
  1828 | D        | Identified the +5 great sword of the Tiger {antimagic,
                  | Str+3} (You bought it in a shop in the Dungeon)
  1833 | D        | Bought a brass wand for 92 gold pieces
  1833 | D        | Bought a potion of heal wounds for 115 gold pieces
  1833 | D        | Bought a coppery potion for 20 gold pieces
  1833 | D        | Bought a glowing ring mail for 161 gold pieces
  1860 | D        | Reached skill level 1 in Armour
  2038 | D        | Found Exkugryxt's Assorted Antiques.
  2044 | D        | Noticed an orc sorcerer
  2047 | D        | Noticed an orc high priest
  2049 | D        | Killed an orc sorcerer
  2050 | D        | Reached XP level 11. HP: 44/92 MP: 0/0
  2050 | D        | Learned a level 4 spell: Manifold Assault
  2051 | D        | Killed an orc high priest
  2130 | D        | Bought a blackened peridot ring for 105 gold pieces
  2130 | D        | Bought a red potion for 18 gold pieces
  2130 | D        | Bought a scroll labelled HOAKLI ROM RANT for 21 gold pieces
  2130 | D        | Bought a potion of curing for 63 gold pieces
  2130 | D        | Bought a potion of heal wounds for 105 gold pieces
  2130 | D        | Bought a scroll labelled DUQOUBL WIOST for 21 gold pieces
  2130 | D        | Bought a scroll labelled VIHYBIR LYCRE for 21 gold pieces
  2130 | D        | Bought a runed garnet ring for 105 gold pieces
  2132 | D        | Bought a faintly glowing scale mail for 270 gold pieces
  2132 | D        | Identified the +1 scale mail of Disappointment {+Blink
                  | Regen+ MP+9} (You bought it in a shop in the Dungeon)
  2132 | D        | Bought a pair of warped gloves for 285 gold pieces
  2132 | D        | Identified the +4 pair of gloves of Refuge {rPois rF+++
                  | Int-5 Stlth+} (You bought it in a shop in the Dungeon)
  2132 | D        | Bought a glimmering ring mail for 270 gold pieces
  2132 | D        | Identified the +1 ring mail of the Piercing Gods {Int+5}
                  | (You bought it in a shop in the Dungeon)
  2132 | D        | Bought jewelled storm dragon scales for 2550 gold pieces
  2132 | D        | Identified the +1 storm dragon scales of the Harvest Moon
                  | {rElec rC+ Regen+ MP+9 Slay+3} (You bought it in a shop in
                  | the Dungeon)
  2207 | D        | Noticed a deep elf knight
  2207 | D        | Noticed a deep elf zephyrmancer
  2207 | D        | Noticed a deep elf pyromancer
  2207 | D        | Noticed a deep elf pyromancer
  2207 | D        | Noticed a deep elf zephyrmancer
  2225 | D        | Killed a deep elf knight
  2227 | D        | Killed a deep elf zephyrmancer
  2235 | D        | Killed a deep elf pyromancer
  2236 | D        | Reached skill level 10 in Dodging
  2243 | D        | Noticed a deep elf demonologist
  2244 | D        | Killed from afar by a deep elf zephyrmancer

Illustrated notes

Levels and vault maps discovered:
D:        dungeon_sprint_mu [sprint_mu_entry_forest, sprint_mu_temple_rooms,
          sprint_mu_d1_spiders, sprint_mu_d2_genie, sprint_mu_d3_branching,
          sprint_mu_orc_legion, sprint_mu_elf_gauntlet, sprint_mu_hive_nellie,
          sprint_mu_lair_fedhas, sprint_mu_vaults_butterflies,
          sprint_mu_slime_circle, sprint_mu_swamp_cave, sprint_mu_shoals_kraken,
          sprint_mu_blade_basic, sprint_mu_crypt_chambers,
          sprint_mu_tomb_spiral, sprint_mu_vestibule_basic,
          sprint_mu_gehenna_hellfire, sprint_mu_dis_giant,
          sprint_mu_tartarus_statrot, sprint_mu_cocytus_islands, sprint_mu_zot1]

Skill      XL: |  1  2  3  4  5  6  7  8  9 10 11 |
---------------+----------------------------------+-----
Spellcasting   | 3 5 6 7 8 9 |  9.6
Fighting       | 2 3 4 6 7 9 11 13 | 13.5
Dodging        | 3 4 5 7 8 9 10 | 10.1
Stealth        | 2 3 4 6 7 8 |  8.4
Long Blades    | 5 10 13 | 13.4
Armour         | 2 4 |  4.3

Action                   |  1- 3 |  4- 6 |  7- 9 | 10-12 || total
-------------------------+-------+-------+-------+-------++-------
Melee: Unarmed           |     1 |       |       |       ||     1
       Dagger            |       |    13 |       |       ||    13
       Great sword       |       |       |       |    50 ||    50
       Long sword        |       |       |       |     5 ||     5
 Cast: Foxfire           |     9 |     4 |    11 |       ||    24
       Scorch            |     5 |     7 |    46 |     5 ||    63
       Fulminant Prism   |       |       |     2 |       ||     2
       Flame Wave        |       |       |     1 |     8 ||     9
Invok: Potion Petition   |       |       |     1 |     1 ||     2
       Call Merchant     |       |       |       |     3 ||     3
  Use: Potion            |       |     1 |     2 |     1 ||     4
       Scroll            |       |       |     1 |       ||     1
Armor: Ring mail         |       |       |       |    13 ||    13
Dodge: Dodged            |     3 |     4 |    17 |    30 ||    54

Table legend: (Time is in decaauts)
 A = Elapsed time spent in this place.
 B = Non-inter-level travel time spent in this place.
 C = Inter-level travel time spent in this place.
 D = Time resting spent in this place.
 E = Time spent auto-exploring this place.
 F = Levels seen in this place.
 G = Mean time per level.
                   A        B        C        D        E       F      G
               +--------+--------+--------+--------+--------+-----+--------+
         Total |   2248 |   2216 |     32 |   1386 |      0 |   1 | 2248.0 |
       Dungeon |   2248 |   2216 |     32 |   1386 |      0 |   1 | 2248.0 |
               +--------+--------+--------+--------+--------+-----+--------+

Top non-repeatable levels by time:
       D: 2248 daAuts
